 Dungeon Crawl Stone Soup version 0.28.0 (webtiles) character file.

Game seed: 12808418864387959540

398 theElss the Skirmisher (level 6, -3/40 HPs)
             Began as a Gargoyle Berserker on Feb 16, 2022.
             Was a Priest of Trog.
             Killed from afar by Dowan (23 damage)
             ... with a shard of ice
             ... on level 4 of the Dungeon.
             The game lasted 00:06:22 (3639 turns).

theElss the Skirmisher (Gargoyle Berserker)         Turns: 3639, Time: 00:06:23

Health: -3/40      AC: 12    Str: 21    XL:     6   Next: 83%
Magic:  6/6        EV: 10    Int:  7    God:    Trog [***...]
Gold:   211        SH:  0    Dex: 11    Spells: 5/5 levels left

rFire   . . .      SeeInvis .   a - +0 mace
rCold   . . .      Faith    .   (no shield)
rNeg    + . .      Spirit   .   n - +0 scale mail
rPois   ∞          Reflect  .   (no helmet)
rElec   +          Harm     .   f - +0 cloak
rCorr   .          Rampage  .   (no gloves)
Will    .....                   (no boots)
Stlth   ..........              (no amulet)
HPRegen 0.13/turn               (no ring)
MPRegen 0.10/turn               (no ring)

@: on berserk cooldown, slowed, very slow
A: sickness immunity, AC +4, negative energy resistance 1, electricity
resistance, torment resistance 1, petrification resistance
a: Renounce Religion, Berserk, Trog's Hand


You were on level 4 of the Dungeon.
You worshipped Trog.
Trog was most pleased with you.
You visited 1 branch of the dungeon, and saw 4 of its levels.

You collected 211 gold pieces.

Inventory:

Hand Weapons
 a - a +0 mace (weapon)
Armour
 f - a +0 cloak (worn)
 n - a +0 scale mail (worn)
Scrolls
 h - 3 scrolls of identify {unknown}
 i - a scroll of magic mapping {unknown}
 j - a scroll of teleportation {unknown}
 k - a scroll of immolation {unknown}
 o - a scroll of summoning {unknown}
Potions
 b - a potion of might {unknown}
 c - 2 potions of heal wounds {unknown}
 d - a potion of lignification {unknown}
 e - a potion of ambrosia {unknown}
 g - a potion of brilliance {unknown}
 l - 3 potions of haste
 m - a potion of degeneration {unknown}


   Skills:
 + Level 4.8 Fighting
 * Level 4.6 Maces & Flails
 * Level 4.4 Armour
 + Level 3.0 Dodging


You had 5 spell levels left.
You didn't know any spells.
Your spell library was empty.

Dungeon Overview and Level Annotations

Branches:
Dungeon (4/15)
 Temple: D:4-7

Altars:

Annotations:
D:4 Dowan


Innate Abilities, Weirdness & Mutations

You are immune to sickness and miasma.
Your stone body is resilient. (AC +4)
You are immune to poison.
You resist negative energy. (rN+)
You are resistant to electric shocks. (rElec)
You are resistant to unholy torment.
You are immune to petrification.


Message History

Dowan says, "Magic will overcome all!"
Dowan hits you with a +0 dagger. Dowan casts a spell at you.
The stone arrow hits you.
You hit Dowan but do no damage. Dowan barely misses you.
Dowan completely misses you.
You miss Dowan. Dowan hits you but does no damage. x3
You barely miss Dowan. Dowan hits you with a +0 dagger.
Dowan gestures at you while chanting. The stone arrow hits you.
You sock Dowan!
Dowan is heavily wounded.
Dowan barely misses you. x2
Dowan points at you and mumbles some strange words.
The stone arrow hits you but does no damage.
You hit Dowan.
Dowan is severely wounded.
Dowan hits you with a +0 dagger. Dowan hits you but does no damage.
You barely miss Dowan.
Dowan is severely wounded.
Dowan says, "Magic will overcome all!"
Dowan gestures wildly while chanting.
Dowan blinks!
Dowan zaps a wand.
The puff of flame hits you but does no damage.
Dowan zaps a wand.
The puff of flame hits you but does no damage.
You hit Dowan but do no damage.
Dowan is severely wounded.
Dowan says, "Magic will overcome all!"
Dowan casts a spell.
Dowan blinks!
Dowan zaps a wand.
The puff of flame hits you but does no damage.
Dowan mumbles some strange words.
Dowan blinks!
Things that are here:
a +0 short sword; a +0 chain mail Dowan gestures at you while chanting.
The shard of ice hits you!!
Ouch! That really hurt!
You die...

#.# #...
#.## #.##
#.#. #####
#.## ######
#... #.##
......###.#
#.##
..>e..'...#
#)##
.....#@#.#
#.## ...
#)#.#
#######'#.
. #.#.#
#.........
#.#.#
#.........
#.#.#.#
#.........
#.#.#.#
#.........
#.#.#.#
#######'##
..#.#.#
#.#.
###.#.#
#.#.


You could see Dowan (fast).

Vanquished Creatures
  Duvessa (D:4)
  A howler monkey (D:4)
  An iguana (D:4)
  Natasha (D:2)
  4 gnolls (D:3)
  7 adders
  2 dart slugs (D:1)
  3 orcs (D:3)
  7 endoplasms
  13 giant cockroaches
  6 goblins
  3 hobgoblins
  12 kobolds
  3 quokkas
  7 ball pythons
  6 bats
  2 frilled lizards
  5 rats
84 creatures vanquished.

Notes
Turn   | Place    | Note
-------+----------+-------------------------------------------
     0 | D:1      | theElss the Gargoyle Berserker began the quest for the Orb.
     0 | D:1      | Reached XP level 1. HP: 14/14 MP: 1/1
    87 | D:1      | Found a faded altar of an unknown god.
   109 | D:1      | Reached XP level 2. HP: 19/19 MP: 2/2
   437 | D:1      | Reached XP level 3. HP: 16/23 MP: 3/3
   443 | D:1      | Reached ** piety under Trog
  1290 | D:2      | Reached XP level 4. HP: 25/29 MP: 4/4
  1517 | D:2      | Noticed Natasha
  1522 | D:2      | Killed Natasha
  1971 | D:3      | Reached XP level 5. HP: 25/33 MP: 5/5
  2543 | D:3      | Reached *** piety under Trog
  3271 | D:4      | Reached XP level 6. HP: 27/39 MP: 6/6
  3610 | D:4      | Noticed Duvessa
  3610 | D:4      | Noticed Dowan
  3626 | D:4      | Killed Duvessa
  3639 | D:4      | Killed from afar by Dowan

Illustrated notes

Levels and vault maps discovered:
D:1:      ncdulo_smallfort, layout_basic, ebering_ecumenical_altar_hall,
          columned_hall_lemuel, minmay_pentomino_p4
D:2:      layout_basic, uniq_natasha
D:3:      minmay_roachtagon, layout_loops_ring, minmay_misc_feat_room,
          st_stairs_3
D:4:      black_bear_nest_2, layout_basic, hex_medium, uniq_duvessa

Skill      XL: |  1  2  3  4  5  6 |
---------------+-------------------+-----
Dodging        | 2 3 |  3.0
Armour         | 3 4 |  4.4
Fighting       | 4 |  4.8
Maces & Flails | 4 |  4.6

Action                   |  1- 3 |  4- 6 || total
-------------------------+-------+-------++-------
Melee: Mace              |    76 |   219 ||   295
       Punch             |       |     5 ||     5
Invok: Berserk           |       |     2 ||     2
       Trog's Hand       |       |     1 ||     1
 Stab: Sleeping          |     1 |     2 ||     3
Armor: Animal skin       |    35 |     3 ||    38
       Leather armour    |       |    44 ||    44
       Scale mail        |       |    60 ||    60
Dodge: Dodged            |    55 |   146 ||   201
